 Dungeon Crawl Stone Soup version 0.29-a0-1033-gb6c65ffae6 (webtiles) character file.

Game seed: 10304353980220110602

847 Zeldest the Stinger (level 8, -8/66 HPs)
             Began as a Meteoran Venom Mage on Aug 14, 2022.
             Was a Follower of Vehumet.
             Mangled by a troll (18 damage)
             ... on level 6 of the Dungeon.
             The game lasted 00:17:27 (1768 turns).

Zeldest the Stinger (Meteoran Venom Mage)           Turns: 1768, Time: 00:17:28

Health: -8/66      AC:  2    Str:  9    XL:     8   Next: 44%
Magic:  6/15       EV: 12    Int: 19    God:    Vehumet [*.....]
Gold:   130        SH:  0    Dex: 15    Spells: 8/15 levels left

rFire   + . .      SeeInvis .   j - +1 dagger (elec)
rCold   . . .      Faith    .   (no shield)
rNeg    . . .      Spirit   .   a - +0 robe
rPois   .          Reflect  .   (no helmet)
rElec   .          Harm     .   (no cloak)
rCorr   .          Rampage  .   (no gloves)
Will    +....                   (no boots)
Stlth   +.........              (no amulet)
HPRegen 0.21/turn               w - ring of protection from fire
MPRegen 0.14/turn               (no ring)

@: glowing
A: sense surroundings 1, otherworldly, glowing, explore regen
a: Renounce Religion


You were on level 6 of the Dungeon.
You worshipped Vehumet.
Vehumet was aware of your devotion.
You visited 2 branches of the dungeon, and saw 7 of its levels.

You collected 182 gold pieces.
You spent 52 gold pieces at shops.

Inventory:

Hand Weapons
 c - a +0 mace
 j - a +1 dagger of electrocution (weapon)
Missiles
 p - a throwing net
Armour
 a - a +0 robe (worn)
Jewellery
 w - a ring of protection from fire (left hand)
Wands
 r - a wand of flame (28)
 u - a wand of quicksilver (8)
 v - a wand of charming (2)
Scrolls
 d - a scroll of noise {unknown}
 f - a scroll of vulnerability {unknown}
 h - 2 scrolls of poison {unknown}
 k - 3 scrolls of magic mapping {unknown}
 m - 3 scrolls of torment {unknown}
 n - 2 scrolls of teleportation {unknown}
 o - 4 scrolls of identify {unknown}
 q - a scroll of amnesia {unknown}
Potions
 e - 4 potions of attraction {unknown}
 g - a potion of invisibility {unknown}
 i - 3 potions of mutation {unknown}
 l - 3 potions of curing
 s - a potion of heal wounds {unknown}
 t - a potion of might {unknown}


   Skills:
 + Level 3.8 Fighting
 + Level 3.3 Short Blades
 - Level 1.4 Maces & Flails
 - Level 2.4 Dodging
 - Level 1.4 Stealth
 - Level 4.0 Spellcasting
 + Level 2.8 Conjurations
 + Level 1.2 Necromancy
 - Level 1.6 Transmutations
 - Level 2.3 Fire Magic
 - Level 3.9 Air Magic
 + Level 0.2 Earth Magic
 + Level 5.8 Poison Magic


You had 8 spell levels left.
You knew the following spells:

 Your Spells              Type           Power      Damage    Failure   Level
a - Sting                 Tmut/Pois      68%        1d6       3%          1
b - Poisonous Vapours     Pois/Air       44%        N/A       2%          2
c - Mephitic Cloud        Conj/Pois/Air  19%        N/A       8%          3
f - Foxfire               Conj/Fire      52%        2x1d6     4%          1

Your spell library contained the following spells:

 Spells                   Type           Power      Damage    Failure   Level
 Shock                    Conj/Air       64%        1d7       3%          1
 Swiftness                Air            18%        N/A       9%          3
 Olgreb's Toxic Radiance  Pois           25%        N/A       13%         4
 Ensorcelled Hibernation  Hex/Ice        6%         N/A       21%         2
 Airstrike                Air            9%         2d(2-18)  26%         4
 Call Canine Familiar     Summ           3%         N/A       38%         3
 Portal Projectile        Hex/Tloc       6%         N/A       38%         3
 Leda's Liquefaction      Hex/Erth       2%         N/A       78%         4
 Cause Fear               Hex            1%         N/A       80%         4
 Borgnjor's Revivificati  Necr           4%         N/A       100%        8
 Lehudib's Crystal Spear  Conj/Erth      4%         10d3      100%        8
 Necromutation            Tmut/Necr      4%         N/A       100%        8
 Death's Door             Necr           4%         N/A       100%        9


Dungeon Overview and Level Annotations

Branches:
Dungeon (6/15) Zot: 1834   Temple (1/1) D:5 Zot: 598

Altars:
Elyvilon
Okawaru
Ru
Sif Muna
Trog
Uskayaw
Vehumet
Xom
Yredelemnul
The Shining One

Shops:
D:4 (!

Annotations:
D:3 1 runed translucent door, Grinder, Natasha


Innate Abilities, Weirdness & Mutations

You passively map a small area around you.
You are easily found by Zot.
You glow in the dark.
You regain HP and MP as you explore.


Message History

The troll is moderately wounded.
The foxfire hits the troll but does no damage.
The troll is moderately wounded.
Aiming: Quicksilver Bolt
Press: ? - help, Shift-Dir - straight line, f/p - troll
Aim: a troll (moderately wounded, extremely poisoned, ally target, 71% to hit)
Okay, then.
Press: ? - help, v - describe, . - travel The floor.
As you read the scroll of fear, it crumbles to dust.
You assume a fearsome visage.
The troll easily resists.
The foxfire hits the troll.
The troll is heavily wounded.
The foxfire hits the troll.
The troll is heavily wounded.
The troll misses you. The troll closely misses you. The troll claws you!
Okay, then.
You hit the troll but do no damage. Lightning courses through the troll!
The troll is severely wounded.
The troll bites you. The troll claws you! The troll barely misses you.
Your magical contamination has completely faded away.
You hit the troll.
The troll is almost dead.
You hit the troll but do no damage.
The troll is almost dead.
The troll bites you! The troll claws you but does no damage.
The troll closely misses you.
Casting: Foxfire (safe; 4% risk of failure)
Confirm with . or Enter, or press ? or * to list all spells.
Aiming: Sting (safe; 3% risk of failure)
Press: ? - help, Shift-Dir - straight line, f/p - troll
Aim: a troll (almost dead, very poisoned, 74% to hit)
The sting hits the troll.
The troll looks as sick as possible!
The troll is almost dead.
The troll barely misses you. The troll claws you. The troll claws you!
* * * LOW HITPOINT WARNING * * *
You closely miss the troll.
The troll is almost dead.
The troll bites you!!
You die...

#.##.##
#...........#.....#.#....
#....#
#...............#.....#..
######
#.......†.........#.#....
..#
#........................
#.#
#........................
#.#
#...)............#####... #
# #..).....................
#
**#...)....T...............
,
,#.......@................
,, , ,
+........................ ,
#........................ ,
,
,#........................
#...................<.... ,
#........................
,#........................
, #........................
...................


You could see a troll (extremely poisoned).

Vanquished Creatures
  A hornet (D:5)
  A black bear (D:5)
  A centaur (D:6)
  3 scorpions
  3 hounds
  2 iguanas
  2 orc wizards (D:6)
  6 adders
  An ufetubus (D:6)
  4 worms
  A dart slug (D:4)
  2 orcs
  4 endoplasms
  A giant cockroach (D:4)
  7 hobgoblins
  5 jackals (D:2)
  A kobold (D:2)
  2 quokkas (D:2)
  A ball python (D:1)
  4 bats (D:2)
  2 frilled lizards (D:2)
  6 goblins
  3 rats
63 creatures vanquished.

Vanquished Creatures (others)
  32 foxfires
32 creatures vanquished.

Grand Total: 95 creatures vanquished

Notes
Turn   | Place    | Note
-------+----------+-------------------------------------------
     0 | D:1      | Zeldest the Meteoran Venom Mage began the quest for the
                  | Orb.
     0 | D:1      | Reached XP level 1. HP: 14/14 MP: 5/5
    42 | D:1      | Reached XP level 2. HP: 9/22 MP: 4/6
    94 | D:1      | Learned a level 2 spell: Poisonous Vapours
   235 | D:2      | Reached skill level 1 in Fighting
   335 | D:2      | Reached skill level 4 in Poison Magic
   335 | D:2      | Reached XP level 3. HP: 15/28 MP: 1/8
   363 | D:2      | Reached skill level 1 in Maces & Flails
   364 | D:2      | Found a faded altar of an unknown god.
   379 | D:2      | Reached skill level 1 in Air Magic
   396 | D:2      | Reached XP level 4. HP: 35/35 MP: 3/9
   405 | D:2      | Found a radiant altar of Vehumet.
   500 | D:2      | Became a worshipper of Vehumet
   729 | D:3      | Found a runed translucent door.
   729 | D:3      | Noticed a human
   747 | D:3      | Found a basalt altar of Yredelemnul.
   832 | D:3      | Found a white marble altar of Elyvilon.
   834 | D:3      | Found a shimmering altar of Xom.
   834 | D:3      | Found a sparkling altar of Nemelex Xobeh.
   836 | D:3      | Found a sacrificial altar of Ru.
   836 | D:3      | Found a shimmering blue altar of Sif Muna.
   836 | D:3      | Found a bloodstained altar of Trog.
   910 | D:3      | Found a bloodstained altar of Trog.
   910 | D:3      | Noticed Grinder
   913 | D:3      | Noticed Natasha
   928 | D:4      | Found Lucuce's Antique Weapon Emporium.
   958 | D:4      | Found a hide-covered altar of Uskayaw.
   967 | D:4      | Reached XP level 5. HP: 39/41 MP: 6/10
   982 | D:4      | Learned a level 3 spell: Mephitic Cloud
  1023 | D:4      | Reached skill level 1 in Short Blades
  1044 | D:4      | HP: 1/41 [hound (2)]
  1046 | D:4      | Reached XP level 6. HP: 2/49 MP: 5/12
  1072 | D:4      | Found a white marble altar of Elyvilon.
  1207 | D:5      | Entered Level 5 of the Dungeon
  1224 | D:5      | Reached * piety under Vehumet
  1224 | D:5      | Offered knowledge of Foxfire by Vehumet.
  1253 | D:5      | Learned a level 1 spell: Foxfire
  1294 | D:5      | Found a staircase to the Ecumenical Temple.
  1330 | D:5      | Noticed a black bear
  1343 | D:5      | Killed a black bear
  1344 | D:5      | Reached skill level 1 in Conjurations
  1344 | D:5      | Reached skill level 1 in Fire Magic
  1344 | D:5      | Reached skill level 5 in Poison Magic
  1344 | D:5      | Reached XP level 7. HP: 56/56 MP: 2/14
  1347 | Temple   | Entered the Ecumenical Temple
  1438 | D:5      | Noticed a hornet
  1449 | D:5      | Killed a hornet
  1464 | D:5      | Reached XP level 8. HP: 51/63 MP: 2/15
  1491 | D:4      | Found Xetofuf's Distillery.
  1500 | D:4      | Bought a potion of degeneration for 13 gold pieces
  1501 | D:4      | Bought a potion of curing for 39 gold pieces
  1604 | D:6      | Reached skill level 1 in Necromancy
  1628 | D:6      | Found a radiant altar of Vehumet.
  1654 | D:6      | Got the Meditations on Curses and the Ground
  1721 | D:6      | Noticed a troll
  1768 | D:6      | Mangled by a troll

Illustrated notes

Levels and vault maps discovered:
D:1:      minmay_arrival_shattered_statue, layout_basic
D:2:      layout_basic, chequers_ecumenical_altar_simple_redux, basic_altar
D:3:      layout_rooms, dk_yredelemnul_ordeal, doesnt_xom_only_xom,
          mainiacjoe_overflow_surrounded_room, uniq_grinder, uniq_natasha
D:4:      layout_loops_corners, nicolae_uskayaw_murder_on_the_dancefloor,
          mainiacjoe_overflow_concentric_impassable,
          nicolae_overflow_crystal_walls, serial_shops, shop_scrolls, shop,
          shop, nicolae_stop_n_shop_2, nicolae_square_shop, minmay_statues_item,
          minmay_misc_feat_tower
D:5:      layout_rooms, nemelex_dance_club_becter,
          minmay_temple_entry_large_hall, serial_bayou_pond_b
D:6:      layout_basic, nicolae_vehumet_radiance, chequers_mini_garden,
          hellmonk_guarded_unrand_lears
Temple:   compressed_dpeg_triangle_lava_temple

Skill      XL: |  1  2  3  4  5  6  7  8 |
---------------+-------------------------+-----
Fighting       | 1 2 3 |  3.8
Poison Magic   | 4 5 |  5.8
Maces & Flails | 1 |  1.4
Spellcasting   | 3 4 |  4.0
Air Magic      | 1 2 3 |  3.9
Short Blades   | 1 2 3 |  3.3
Conjurations   | 1 2 |  2.8
Fire Magic     | 1 2 |  2.3
Necromancy     | 1 |  1.2
Dodging        | |  2.4
Stealth        | |  1.4
Transmutations | |  1.6
Earth Magic    | |  0.2

Action                   |  1- 3 |  4- 6 |  7- 9 || total
-------------------------+-------+-------+-------++-------
Melee: Mace              |    15 |     2 |       ||    17
       Dagger            |       |    23 |    33 ||    56
 Cast: Sting             |    25 |    24 |    12 ||    61
       Poisonous Vapours |     8 |    41 |    19 ||    68
       Foxfire           |       |     7 |    11 ||    18
       Mephitic Cloud    |       |       |     2 ||     2
  Use: Potion            |     1 |       |       ||     1
       Scroll            |       |     1 |     1 ||     2
Armor: Robe              |     8 |    12 |     5 ||    25
Dodge: Dodged            |    17 |    35 |    21 ||    73

Table legend: (Time is in decaauts)
 A = Elapsed time spent in this place.
 B = Non-inter-level travel time spent in this place.
 C = Inter-level travel time spent in this place.
 D = Time resting spent in this place.
 E = Time spent auto-exploring this place.
 F = Levels seen in this place.
 G = Mean time per level.
                   A        B        C        D        E       F      G
               +--------+--------+--------+--------+--------+-----+--------+
         Total |   1766 |   1682 |     84 |      0 |      0 |   7 |  252.3 |
       Dungeon |   1764 |   1680 |     84 |      0 |      0 |   6 |  294.0 |
        Temple |      1 |      1 |      0 |      0 |      0 |   1 |    1.0 |
               +--------+--------+--------+--------+--------+-----+--------+

Top non-repeatable levels by time:
     D:2: 452 daAuts
     D:4: 312 daAuts
     D:5: 287 daAuts
     D:3: 254 daAuts
     D:6: 232 daAuts
     D:1: 224 daAuts
  Temple: 1 daAuts
